 Dungeon Crawl Stone Soup version 0.20.1-1-g8b1a95d (webtiles) character file.

176 ubername the Changer (level 5, 0/38 HPs)
             Began as a Merfolk Transmuter on July 2, 2017.
             Slain by a phantom (6 damage)
             ... on level 4 of the Dungeon on July 8, 2017.
             The game lasted 00:19:04 (4033 turns).

ubername the Changer (Merfolk Transmuter)           Turns: 4033, Time: 00:19:04

Health: 0/38       AC:  2    Str: 10      XL:     5   Next: 56%
Magic:  5/8        EV: 21    Int: 13 (14) God:
Gold:   117        SH:  0    Dex: 18 (19) Spells: 5/9 levels left

rFire    . . .     SeeInvis .     - Unarmed
rCold    . . .     Gourm    .   (shield currently unavailable)
rNeg     . . .     Faith    .   (armour currently unavailable)
rPois    x         Spirit   .   (helmet currently unavailable)
rElec    .         Reflect  .   (cloak currently unavailable)
rCorr    .         Harm     .   (gloves currently unavailable)
MR       .....                  (boots currently unavailable)
Stlth    ++........             (no amulet)
Regen    0.2/turn               (no ring)
MPRegen  0.2/turn               (no ring)

@: spider-form
A: (change form in water), (swift swim), (stealthy swim)
a: End Transformation


You were on level 4 of the Dungeon.
You were hungry.
You were a venomous arachnid creature.
You visited 1 branch of the dungeon, and saw 4 of its levels.

You collected 117 gold pieces.

Inventory:

Hand Weapons
 m - a +0 dagger of venom
 o - a +2 mace of holy wrath
 s - a cursed -2 hand axe
 y - a +0 trident (melded)
Missiles
 e - 134 stones (quivered)
Armour
 b - a +0 robe (melded)
 g - a +1 plate armour
 j - a +0 ring mail
 q - a +0 leather armour
Jewellery
 h - a +2 ring of protection {unknown}
 u - an uncursed ring of wizardry {unknown}
Wands
 w - a wand of confusion (21/48)
Scrolls
 k - a scroll of enchant armour
 n - a scroll of magic mapping
 v - 2 scrolls of amnesia {unknown}
Potions
 f - a potion of heal wounds {unknown}
 i - a potion of magic {unknown}
 l - a potion of might {unknown}
 t - 2 potions of curing {unknown}
 x - a potion of haste
Books
 c - a book of Changes

   Spells                             Type                      Level
   a - Beastly Appendage              Transmutation                1
   b - Sticks to Snakes               Transmutation                2
   c - Spider Form                    Transmutation/Poison         3
   d - Ice Form                       Ice/Transmutation            4
   e - Blade Hands                    Transmutation                5
Comestibles
 a - 4 fruits
 d - a bread ration
 p - a meat ration


   Skills:
 - Level 1.9 Fighting
 - Level 2.8 Polearms
 - Level 3.5 Dodging
 - Level 0.8 Stealth
 + Level 3.8 Unarmed Combat
 - Level 2.5 Spellcasting
 * Level 4.0 Transmutations
 * Level 1.6 Poison Magic


You had 5 spell levels left.
You knew the following spells:

 Your Spells              Type           Power        Failure   Level  Hunger
a - Beastly Appendage     Tmut           ##....       14%         1    #......
b - Spider Form           Tmut/Pois      #.........   43%         3    ###....


Dungeon Overview and Level Annotations

Branches:
Dungeon (4/15)
 Temple: D:4-7

Altars:
Gozag


Message History

The phantom barely misses you.
Casting: Beastly Appendage
Confirm with . or Enter, or press ? or * to list all spells.
You turn into a venomous arachnid creature.
Your +0 trident melds into your body.
Your +0 robe melds into your body.
The phantom hits you!
* * * LOW HITPOINT WARNING * * *
You barely miss the phantom.
The phantom is lightly damaged.
The phantom barely misses you.
You completely miss the phantom.
The phantom is lightly damaged.
The phantom completely misses you.
You barely miss the phantom.
The phantom is lightly damaged.
The phantom barely misses you.
You hit the phantom but do no damage.
The phantom is lightly damaged.
The phantom hits you.
You die...

. #.)#...... ..
./#.......# ...
......ยง#..#
.... #.......#
.....
#.#.##..#...%..
##..............
#.......###.###.
#.##.#[## .. #
#..s# ## ###W##
##<#
#.......)..#
..##########


You could see a phantom.

Vanquished Creatures
  A bullfrog skeleton (D:4)
  5 adders
  2 shadow imps
  A worm (D:2)
  4 dart slugs
  2 leopard geckos
  2 orcs (D:3)
  7 bats
  4 giant cockroaches
  6 goblins
  5 hobgoblins
  9 jackals
  A quokka (D:3)
  A ball python (D:3)
  7 frilled lizards
  9 kobolds
  11 rats
77 creatures vanquished.

Notes
Turn   | Place    | Note
-------+----------+-------------------------------------------
     0 | D:1      | ubername the Merfolk Transmuter began the quest for the Orb.
     0 | D:1      | Reached XP level 1. HP: 15/15 MP: 3/3
   306 | D:1      | Reached XP level 2. HP: 21/21 MP: 3/5
   636 | D:1      | Reached skill level 1 in Polearms
   944 | D:1      | Reached XP level 3. HP: 26/26 MP: 4/6
  1641 | D:2      | Reached XP level 4. HP: 22/33 MP: 5/7
  2357 | D:2      | Reached skill level 3 in Transmutations
  2617 | D:3      | Learned a level 3 spell: Spider Form
  2642 | D:3      | Found an opulent altar of Gozag.
  3000 | D:3      | Reached XP level 5. HP: 38/38 MP: 6/8
  3257 | D:3      | Reached skill level 1 in Poison Magic
  3725 | D:4      | Upgraded the game from 0.20.0-15-g7f486f2 to 0.20.1-1-g8b1a95d
  3733 | D:4      | Reached skill level 4 in Transmutations
  3817 | D:4      | Noticed a phantom
  4033 | D:4      | Slain by a phantom

Skill      XL: |  1  2  3  4  5 |
---------------+----------------+-----
Polearms       | 1 2 |  2.8
Dodging        | 3 |  3.5
Transmutations | 3 4 |  4.0
Poison Magic   | 1 |  1.6
Fighting       | |  1.9
Stealth        | |  0.8
Unarmed Combat | |  3.8
Spellcasting   | |  2.5

Action                   |  1- 3 |  4- 6 || total
-------------------------+-------+-------++-------
Melee: Unarmed           |    15 |    17 ||    32
       Spear             |    86 |   103 ||   189
       Headbutt          |    17 |    20 ||    37
       Trident           |       |    39 ||    39
       Punch             |       |     3 ||     3
 Cast: Beastly Appendage |    19 |    19 ||    38
       Spider Form       |       |     3 ||     3
  Use: Potion            |     5 |       ||     5
       Scroll            |       |     7 ||     7
 Stab: Sleeping          |     3 |       ||     3
  Eat: Chunk             |     3 |     3 ||     6
       Bread ration      |       |     1 ||     1
Armor: Robe              |    23 |    16 ||    39
Dodge: Dodged            |    84 |    93 ||   177
